 Dungeon Crawl Stone Soup version 0.30-a0-782-ge64f9170bb (webtiles) character file.

Game seed: 10167856938996324646

8 Dirtsage the Trooper (level 2, 24/24 HPs)
             Began as a Demonspawn Fighter on Mar 2, 2023.
             Quit the game on level 1 of the Dungeon.
             The game lasted 00:00:19 (135 turns).

Dirtsage the Trooper (Demonspawn Fighter)            Turns: 135, Time: 00:00:19

Health: 24/24      AC:  6    Str: 16    XL:     2   Next: 0%
Magic:  2/2        EV:  8    Int:  9    God:
Gold:   30         SH:  4    Dex: 12    Spells: 1/1 levels left

rFire   . . .      SeeInvis .    a - +0 war axe
rCold   . . .      Faith    .    c - +0 buckler
rNeg    . . .      Spirit   .    b - +0 scale mail
rPois   .          Reflect  .    (no helmet)
rElec   .          Harm     .    (no cloak)
rCorr   .          Rampage  .    (no gloves)
Will    .....                    (no boots) Stlth
                                 (no amulet)
HPRegen 0.24/turn                (no ring)
MPRegen 0.08/turn                (no ring)

@: no status effects
A: hooves 1
a: no special abilities


You were on level 1 of the Dungeon.
You visited 1 branch of the dungeon, and saw 1 of its levels.

You collected 30 gold pieces.

Inventory:

Hand Weapons
 a - a +0 war axe (weapon)
Armour
 b - a +0 scale mail (worn)
 c - a +0 buckler (worn)
Scrolls
 e - a scroll of brand weapon {unknown}
 f - a scroll of identify {unknown}
Potions
 d - a potion of might


   Skills:
 - Level 3.0 Fighting
 + Level 2.5 Axes
 - Level 2.6 Armour
 - Level 2.6 Shields


You had one spell level left.
You didn't know any spells.
Your spell library was empty.

Dungeon Overview and Level Annotations

Branches:
Dungeon (1/15)

Altars:


Innate Abilities, Weirdness & Mutations

You have large cloven feet.


Message History

You take 4 damage, and have 7/18 hp.
MASSIVE DAMAGE!!
You slash the kobold!
You kill the kobold!
Things that are here:
a +0 whip; a kobold corpse HP restored.
You now have 19 gold pieces (gained 13).
A giant cockroach comes into view.
Health restored: 18 You slash the giant cockroach!
You kill the giant cockroach!
No target in view!
No target in view!
e - a scroll labelled DUEDDI VITOTYCIETE
f - a scroll labelled VOCUIS UWAIWAE A ball python comes into view.
The ball python hisses angrily.
You closely miss the ball python.
The ball python bites you but does no damage.
The ball python grabs you. The ball python constricts you.
You take 1 damage, and have 17/18 hp.
You slash the ball python!
You kill the ball python!
Health restored: 18 No target in view!
Found a stone staircase leading down.
You see here a ball python corpse.
You now have 30 gold pieces (gained 11).
A bat comes into view.
The bat completely misses you.
You barely miss the bat. The bat barely misses you.
The bat hits you but does no damage.
You slash the bat!
You kill the bat!
You have reached level 2!
You feel monstrous as your demonic heritage exerts itself.
Your demonic ancestry asserts itself...
Your feet thicken and deform.
Health restored: 24; MP restored: 2 Are you sure you want to abandon this character and quit the game? (Confirm with "yes".)

.# .##.. ... ## ..#.# #.# .
....## ). ..#? .#.....##
#.##...#........# ..
..#.#.##..!..>..
#.##...#..#........ .#
..#.#.#.#@........
..#...#...#...#.........
#.#.#...#.#.#.#.........
.#...##.##...#.†.........
.#.#.......#.#.#........# ...
#.###.##...#.#.....##
#...........#.#.#....##
.##.###.###.##...#.#..#
...............#...#.############


There were no monsters in sight!

Vanquished Creatures
  A giant cockroach (D:1)
  A hobgoblin (D:1)
  A ball python (D:1)
  A bat (D:1)
  3 kobolds (D:1)
  A rat (D:1)
8 creatures vanquished.

Notes
Turn   | Place    | Note
-------+----------+-------------------------------------------
     0 | D:1      | Dirtsage the Demonspawn Fighter began the quest for the
                  | Orb.
     0 | D:1      | Reached XP level 1. HP: 18/18 MP: 1/1
   135 | D:1      | Discovered your monstrous ancestry.
   135 | D:1      | Gained mutation: You have large cloven feet. [demonic
                  | ancestry]
   135 | D:1      | Reached XP level 2. HP: 24/24 MP: 2/2
   135 | D:1      | Quit the game

Illustrated notes

Levels and vault maps discovered:
D:1:      tarquinn_simple_flora_water_d, layout_rooms,
          dreamdust_ecumenical_altar_angels_and_demons, grunt_decor_fettered,
          nicolae_concentric_dashed_squares_wild, minmay_tromino_i4

Skill      XL: |  1 |
---------------+----+-----
Axes           | 2 |  2.5
Fighting       | |  3.0
Armour         | |  2.6
Shields        | |  2.6

Action                     || total
---------------------------++-------
  Melee: War axe           ||    18
 Armour: Scale mail        ||     5
  Dodge: Dodged            ||     7
  Block: Buckler           ||     4

Table legend: (Time is in decaauts)
 A = Elapsed time spent in this place.
 B = Non-inter-level travel time spent in this place.
 C = Inter-level travel time spent in this place.
 D = Time resting spent in this place.
 E = Time spent auto-exploring this place.
 F = Levels seen in this place.
 G = Mean time per level.
                   A        B        C        D        E       F      G
               +--------+--------+--------+--------+--------+-----+--------+
         Total |    143 |    143 |      0 |      0 |    100 |   1 |  143.0 |
       Dungeon |    143 |    143 |      0 |      0 |    100 |   1 |  143.0 |
               +--------+--------+--------+--------+--------+-----+--------+

Top non-repeatable levels by time:
     D:1: 143 daAuts
